 Dungeon Crawl Stone Soup version 0.29.1-2-gbd0b4ee654 (webtiles) character file.

Game seed: 10694024410901508327

445 Linkola the Conjurer (level 6, -4/32 HPs)
             Began as a Deep Elf Conjurer on Nov 4, 2022.
             Slain by a gnoll sergeant
             ... wielding a +0 spear
              (11 damage)
             ... on level 5 of the Dungeon on Nov 5, 2022.
             The game lasted 00:13:49 (4365 turns).

Linkola the Conjurer (Deep Elf Conjurer)            Turns: 4365, Time: 00:13:49

Health: -4/32      AC:  4    Str:  4    XL:     6   Next: 72%
Magic:  21/25      EV: 13    Int: 25    God:
Gold:   128        SH:  0    Dex: 13    Spells: 6/16 levels left

rFire   . . .      SeeInvis .   k - staff of poison
rCold   . . .      Faith    .   (no shield)
rNeg    . . .      Spirit   .   a - +0 robe
rPois   +          Reflect  .   (no helmet)
rElec   .          Harm     .   i - +0 cloak
rCorr   .          Rampage  .   j - +0 pair of gloves
Will    .....                   (no boots)
Stlth   ++........              (no amulet)
HPRegen 0.10/turn               c - ring of magical power
MPRegen 0.19/turn               (no ring)

@: no status effects
A: no striking features
a: no special abilities


You were on level 5 of the Dungeon.
You visited 1 branch of the dungeon, and saw 5 of its levels.

You collected 128 gold pieces.

Inventory:

Armour
 a - a +0 robe (worn)
 i - a +0 cloak (worn)
 j - a +0 pair of gloves (worn)
Magical Staves
 k - a staff of poison (weapon)
Jewellery
 c - a ring of magical power (left hand)
Wands
 d - a wand of iceblast (3)
Scrolls
 l - a scroll of teleportation {unknown}
Potions
 b - a potion of magic
 e - 2 potions of resistance {unknown}
 f - 3 potions of curing
 g - a potion of berserk rage {unknown}
 h - 3 potions of heal wounds {unknown}
 m - a potion of lignification {unknown}


   Skills:
 + Level 3.1 Dodging
 + Level 3.1 Stealth
 + Level 5.9 Spellcasting
 + Level 6.8 Conjurations
 * Level 2.0 Translocations
 + Level 0.6 Evocations


You had 6 spell levels left.
You knew the following spells:

 Your Spells              Type           Power      Damage    Failure   Level
a - Magic Dart            Conj           100%       1d8       1%          1
b - Searing Ray           Conj           82%        2d7       1%          2
c - Gell's Gravitas       Tloc           17%        N/A       10%         3
d - Iskenderun's Mystic   Conj/Tloc      29%        2d7       12%         4

Your spell library contained the following spells:

 Spells                   Type           Power      Damage    Failure   Level
 Dazzling Flash           Conj/Hex       48%        N/A       5%          3
 Lesser Beckoning         Tloc           17%        N/A       10%         3
 Teleport Other           Tloc           17%        N/A       10%         3
 Ensorcelled Hibernation  Hex/Ice        14%        N/A       12%         2
 Passwall                 Tmut/Erth      5%         N/A       12%         2
 Fulminant Prism          Conj/Hex       12%        3d9       19%         4
 Swiftness                Air            7%         N/A       22%         3


Dungeon Overview and Level Annotations

Branches:
Dungeon (4/15)
 Temple: D:4-7

Altars:


Message History

The gnoll is almost dead.
Aiming: Magic Dart (safe; 1% risk of failure)
Press: ? - help, Q - select action, (/) - cycle Shift-Dir - straight line, f/p - gnoll
Aim: a gnoll, wielding a +0 spear (almost dead, 100% to hit)
The magic dart hits the gnoll!
You kill the gnoll!
A gnoll sergeant comes into view. It is wielding a +0 spear.
Aiming: Magic Dart (safe; 1% risk of failure)
Press: ? - help, Q - select action, (/) - cycle Shift-Dir - straight line, f - gnoll
Aim: a gnoll, wielding a +0 spear (100% to hit)
The magic dart hits the gnoll but does no damage.
A gnoll sergeant opens the door.
The gnoll closely misses you.
Found a stone staircase leading up.
The gnoll sergeant shouts!
You hear a shout!
The gnoll hits you from afar with a +0 spear!
You hear an angry hiss.
The gnoll hits you from afar with a +0 spear.
A gnoll comes into view. It is wielding a +0 flail.
The gnoll shouts!
A gnoll comes into view. It is wielding a +0 whip.
The gnoll sergeant barely misses you.
The gnoll hits you from afar with a +0 spear!
Casting: Magic Dart (safe; 1% risk of failure)
Confirm with . or Enter, or press ? or * to list all spells.
Aiming: Searing Ray (safe; 1% risk of failure)
Press: ? - help, Shift-Dir - straight line, f/p - gnoll
Aim: a gnoll, wielding a +0 spear (84% to hit)
The searing ray hits the gnoll sergeant!
The gnoll sergeant is moderately wounded.
The searing ray hits the gnoll.
The gnoll is heavily wounded. (Press . to maintain the ray.)
The gnoll sergeant hits you from afar with a +0 spear.
* * * LOW HITPOINT WARNING * * *
The searing ray hits the gnoll sergeant.
The gnoll sergeant is moderately wounded.
The searing ray hits the gnoll.
You kill the gnoll!
The gnoll sergeant hits you from afar with a +0 spear!
You die...

####### ###
##.....###..###
#..............
#..............
#>..)g.@.......
##...##.#######
#######.g..##.#
.##.....#....+...
.............#....
.........g...#.....
.............#.....#
.###....####'####.##
#....# #.#


You could see a gnoll sergeant and a gnoll.

Vanquished Creatures
  Sigmund (D:2)
  A scorpion (D:3)
  Jessica (D:2)
  2 orc wizards (D:4)
  2 gnolls (D:5)
  6 adders
  4 dart slugs
  3 orcs (D:4)
  10 ball pythons
  5 endoplasms
  4 giant cockroaches
  10 goblins
  8 hobgoblins
  4 jackals
  4 quokkas
  5 bats
  3 frilled lizards
  8 kobolds
  4 rats
85 creatures vanquished.

Notes
Turn   | Place    | Note
-------+----------+-------------------------------------------
     0 | D:1      | Linkola the Deep Elf Conjurer began the quest for the Orb.
     0 | D:1      | Reached XP level 1. HP: 10/10 MP: 6/6
   321 | D:1      | Reached XP level 2. HP: 15/15 MP: 4/8
   446 | D:1      | Found a faded altar of an unknown god.
   483 | D:1      | Reached skill level 5 in Conjurations
  1012 | D:1      | Reached XP level 3. HP: 19/19 MP: 9/9
  1254 | D:2      | Learned a level 2 spell: Searing Ray
  1705 | D:2      | Reached XP level 4. HP: 22/24 MP: 11/11
  1848 | D:2      | Learned a level 3 spell: Gell's Gravitas
  1853 | D:2      | Learned a level 4 spell: Iskenderun's Mystic Blast
  2007 | D:2      | Noticed Sigmund
  2011 | D:2      | Killed Sigmund
  2012 | D:2      | Reached skill level 6 in Conjurations
  2012 | D:2      | Reached skill level 1 in Translocations
  2012 | D:2      | Reached XP level 5. HP: 23/28 MP: 14/14
  2099 | D:2      | Noticed Jessica
  2111 | D:2      | Killed Jessica
  2115 | D:2      | Reached XP level 6. HP: 32/32 MP: 13/15
  2672 | D:3      | Reached skill level 5 in Spellcasting
  4335 | D:4      | You fall into a shaft and drop 1 floor!
  4335 | D:5      | Entered Level 5 of the Dungeon
  4365 | D:5      | Slain by a gnoll sergeant

Illustrated notes

Levels and vault maps discovered:
D:1:      eino_arrival_cavern_c, layout_basic, ebering_ecumenical_altar_hall
D:2:      minmay_recursive_quarters, layout_basic, minmay_fractal_squares_5,
          uniq_jessica, uniq_sigmund
D:3:      layout_loops_cross, serial_co_window_serial, co_window_corner_a,
          co_window_paths_a, co_window_of_opportunity_a,
          co_window_of_opportunity_a, co_window_of_opportunity_a,
          co_window_paths_b, co_window_cross_1, co_window_paths_a,
          co_window_paths_a, co_window_2corner, co_window_broadway_c,
          co_window_2corner, co_window_sun, co_window_paths_d, glass_columns_a,
          glass_columns_c, glass_columns_a
D:4:      layout_cave_pods, serial_park, serial_park_paths
          [serial_park_minivault_5x5_3], serial_park_square2,
          serial_park_square2
D:5:      layout_gridville

Skill      XL: |  1  2  3  4  5  6 |
---------------+-------------------+-----
Conjurations   | 5 6 |  6.8
Spellcasting   | 4 5 |  5.9
Translocations | 1 2 |  2.0
Dodging        | 3 |  3.1
Stealth        | 3 |  3.1
Evocations     | |  0.6

Action                   |  1- 3 |  4- 6 || total
-------------------------+-------+-------++-------
 Cast: Magic Dart        |    80 |    75 ||   155
       Searing Ray       |     2 |     6 ||     8
       Iskenderun's Myst |       |     5 ||     5
       Gell's Gravitas   |       |     2 ||     2
  Use: Scroll            |     1 |     3 ||     4
Armor: Robe              |     2 |     1 ||     3
Dodge: Dodged            |    15 |    10 ||    25
